 Dungeon Crawl Stone Soup version 0.26.1-11-gd32895ea62 (webtiles) character file.

Game seed: 5835359234634490725

76 buriedalive the Chiller (level 4, 0/24 HPs)
             Began as a Deep Elf Ice Elementalist on May 27, 2021.
             Slain by a gnoll
             ... wielding a cursed +0 spear
              (9 damage)
             ... on level 2 of the Dungeon.
             The game lasted 00:02:51 (1770 turns).

buriedalive the Chiller (Deep Elf Ice Elementalist) Turns: 1770, Time: 00:02:51

Health: 0/24       AC:  6    Str:  5    XL:     4   Next: 12%
Magic:  3/10       EV: 13    Int: 21    God:
Gold:   196        SH:  0    Dex: 15    Spells: 2/9 levels left

rFire    . . .     SeeInvis .   b - +0 dagger
rCold    . . .     Faith    .   (no shield)
rNeg     . . .     Spirit   .   j - +3 leather armour
rPois    .         Reflect  .   (no helmet)
rElec    .         Harm     .   (no cloak)
rCorr    .         Rampage  .   (no gloves)
Will     .....                  (no boots)
Stlth    ++........             (no amulet)
HPRegen  0.08/turn              c - ring of wizardry
MPRegen  0.12/turn              (no ring)

@: lethally poisoned (0 -> -2)
A: no striking features
a: no special abilities


You were on level 2 of the Dungeon.
You visited 1 branch of the dungeon, and saw 2 of its levels.

You collected 196 gold pieces.

Inventory:

Hand Weapons
 b - a +0 dagger (weapon)
Armour
 a - a +0 robe
 j - a +3 leather armour (worn)
Jewellery
 c - a ring of wizardry (left hand)
Scrolls
 f - a scroll of noise {unknown}
 g - 2 scrolls of magic mapping {unknown}
 h - 5 scrolls of identify {unknown}
 i - a scroll of remove curse {unknown}
 l - a scroll of fog {unknown}
Potions
 d - a potion of mutation {unknown}
 e - a potion of attraction {unknown}
 k - a potion of brilliance {unknown}


   Skills:
 + Level 4.1 Dodging
 - Level 2.4 Stealth
 - Level 3.0 Spellcasting
 + Level 5.4 Ice Magic


You had 2 spell levels left.
You knew the following spells:

 Your Spells              Type           Power        Failure   Level
a - Freeze                Ice            100%         1%          1
b - Frozen Ramparts       Ice            50%          3%          3
c - Ozocubu's Armour      Ice            25%          3%          3

Your spell library contained the following spells:

 Spells                   Type           Power        Failure   Level
 Hailstorm                Conj/Ice       14%          28%         4
 Summon Ice Beast         Ice/Summ       14%          28%         4


Dungeon Overview and Level Annotations

Branches:
Dungeon (2/15)

Altars:


Message History

Casting: Freeze (safe; 1% risk of failure)
Confirm with . or Enter, or press ? or * to list all spells.
Aiming: Freeze (safe; 1% risk of failure)
Press: ? - help, Shift-Dir - straight line, f - gnoll
Aim: a gnoll, wielding a +0 spear You freeze the gnoll!
The gnoll is almost dead.
You feel sick. The gnoll barely misses you. The gnoll closely misses you.
Casting: Freeze (safe; 1% risk of failure)
Confirm with . or Enter, or press ? or * to list all spells.
Aiming: Freeze (safe; 1% risk of failure)
Press: ? - help, Shift-Dir - straight line, f/p - gnoll
Aim: a gnoll, wielding a +0 spear (almost dead)
You freeze the gnoll!
You kill the gnoll!
The gnoll hits you but does no damage.
You have reached level 4!
You feel clever.
The gnoll hits you with a cursed +0 spear!
You die...

.# #...###.## .# #...#
#.# ## #######.# .#
#....##.# .# #.......#
.# #....#..# .### ###
######..# ...#
#.##########..# .. ...#
#.........)@g.######'##
...#
#############.#........
...#
#......#.....g.........
#'##
##.###.#.####..........
#.# #....#.#
##......... #.#
#..#.#.# #......... #.#
#†.#<#.# #......... #.#
#..###.# #.###.#.## #.#
#..#.#.# #..##.#.#


You could see a gnoll.

Vanquished Creatures
  2 gnolls (D:2)
  An adder (D:2)
  An ooze (D:2)
  A worm (D:2)
  A leopard gecko (D:1)
  2 giant cockroaches (D:1)
  3 goblins (D:1)
  9 hobgoblins
  4 jackals (D:1)
  4 bats
  3 frilled lizards (D:1)
  4 kobolds
  6 rats
41 creatures vanquished.

Vanquished Creatures (others)
  6 toadstools (D:1)
6 creatures vanquished.

Grand Total: 47 creatures vanquished

Notes
Turn   | Place    | Note
-------+----------+-------------------------------------------
     0 | D:1      | buriedalive the Deep Elf Ice Elementalist began the quest
                  | for the Orb.
     0 | D:1      | Reached XP level 1. HP: 10/10 MP: 6/6
   110 | D:1      | Reached XP level 2. HP: 9/15 MP: 4/8
   731 | D:1      | Reached skill level 5 in Ice Magic
   731 | D:1      | Reached XP level 3. HP: 18/19 MP: 6/9
  1409 | D:2      | Learned a level 3 spell: Frozen Ramparts
  1413 | D:2      | Learned a level 3 spell: Ozocubu's Armour
  1770 | D:2      | Reached XP level 4. HP: 9/24 MP: 3/10
  1770 | D:2      | Slain by a gnoll

Illustrated notes

Levels and vault maps discovered:
D:1:      elethiomel_arrival_diamonds, layout_basic, minmay_gold_behind_fungi
D:2:      layout_basic, nicolae_gozag_cash_rules_everything_around_me,
          uniq_crazy_yiuf_cottage, uniq_natasha

Skill      XL: |  1  2  3 |
---------------+----------+-----
Dodging        | 3 4 |  4.1
Ice Magic      | 5 |  5.4
Stealth        | |  2.4
Spellcasting   | |  3.0

Action                   |  1- 3 |  4- 6 || total
-------------------------+-------+-------++-------
Melee: Unarmed           |     8 |       ||     8
       Dagger            |    46 |       ||    46
 Cast: Freeze            |    51 |       ||    51
       Frozen Ramparts   |     2 |       ||     2
 Stab: Sleeping          |     1 |       ||     1
Armor: Robe              |    10 |       ||    10
       Leather armour    |     4 |       ||     4
Dodge: Dodged            |    80 |       ||    80
